 Dungeon Crawl Stone Soup version 0.30-a0-715-gdb4ae3ece1 (webtiles) character file.

Game seed: 5634783505284519753

145 sokol815 the Chopper (level 4, 0/37 HPs)
             Began as a Demigod Fighter on Jan 24, 2023.
             Killed by divine providence
             ... invoked by an orc priest
              (12 damage)
             ... on level 3 of the Dungeon.
             The game lasted 00:03:56 (2476 turns).

sokol815 the Chopper (Demigod Fighter)              Turns: 2476, Time: 00:03:56

Health: 0/37       AC:  7    Str: 21    XL:     4   Next: 78%
Magic:  6/6        EV:  9    Int: 10    God:
Gold:   133        SH:  7    Dex: 13    Spells: 3/3 levels left

rFire   . . .      SeeInvis .    a - +2 hand axe (elec)
rCold   . . .      Faith    .    c - +3 buckler
rNeg    . . .      Spirit   .    b - +0 scale mail
rPois   +          Reflect  .    (no helmet)
rElec   .          Harm     .    (no cloak)
rCorr   +          Rampage  .    (no gloves)
Will    .....                    e - +0 pair of boots Stlth
                                 (no amulet)
HPRegen 0.26/turn                X - ring of resist corrosion
MPRegen 0.10/turn                i - ring of poison resistance {rPois, !d}

@: no status effects
A: high MP 1, forlorn, divine attributes
a: no special abilities


You were on level 3 of the Dungeon.
You visited 1 branch of the dungeon, and saw 3 of its levels.

You collected 133 gold pieces.

Inventory:

Hand Weapons
 a - a +2 hand axe of electrocution (weapon)
   (You took it off an orc on level 3 of the Dungeon)
 m - a +2 spear of flaming
   (You found it on level 2 of the Dungeon)
 q - a +0 war axe
Missiles
 d - 3 boomerangs
 g - 5 poisoned darts
 j - 4 javelins
 s - 4 stones
Armour
 b - a +0 scale mail (worn)
 c - a +3 buckler (worn)
 e - a +0 pair of boots (worn)
   (You found it on level 3 of the Dungeon)
Jewellery
 i - a ring of poison resistance (right hand) {rPois, !d}
   (You found it on level 2 of the Dungeon)
 X - a ring of resist corrosion (left hand)
   (You found it on level 2 of the Dungeon)
Scrolls
 E - a scroll of fear
 Y - 2 scrolls of teleportation {@r3}
Potions
 f - a potion of cancellation {unknown}
 p - a potion of ambrosia {unknown}
 L - a potion of flight
 M - 2 potions of might
 N - a potion of heal wounds {@q2}
 P - a potion of lignification {!q}
 U - a potion of mutation {!q}


   Skills:
 - Level 2.6 Fighting
 + Level 4.5 Axes
 + Level 1.3 Throwing
 - Level 2.6 Armour
 - Level 2.6 Shields


You had 3 spell levels left.
You didn't know any spells.
Your spell library contained the following spells:

 Spells                   Type           Power      Damage    Failure   Level
 Lesser Beckoning         Tloc           0%         N/A       91%         2
 Gell's Gravitas          Tloc           0%         N/A       99%         3
 Teleport Other           Tloc           0%         N/A       99%         3


Dungeon Overview and Level Annotations

Branches:
Dungeon (3/15) Zot: 15460


Innate Abilities, Weirdness & Mutations

You have an increased reservoir of magic. (+10% MP)
You shall have no god before yourself.
Your divine heritage dramatically boosts your attributes as you level up.


Message History

As you read the scroll of enchant armour, it crumbles to dust.
Your +2 buckler glows green for a moment.
As you read the scroll labelled TUIZI SIOLI, it crumbles to dust.
You assume a fearsome visage.
Nothing appears to happen.
It was a scroll of fear.
E - a scroll of fear Blink to where?
As you read the scroll labelled RIABUO SEEBE, it crumbles to dust.
It was a scroll of blinking.
As you read the scroll labelled SOPRUS CAKAX, it crumbles to dust.
You feel aware of your surroundings.
It was a scroll of magic mapping.
As you read the scroll labelled ETTIUCW JUOLUE, it crumbles to dust.
Magic quickly surges around you.
It was a scroll of vulnerability.
As you read the scroll labelled KEGHIY GOMAEK, it crumbles to dust.
The scroll dissolves into smoke.
It was a scroll of fog.
As you read the scroll labelled YGUONO WEWN, it crumbles to dust.
It is a scroll of amnesia.
You feel forgetful for a moment.
d - 3 boomerangs
Things that are here:
a +0 hand axe; a +0 chain mail
There is an open door here.
You feel your willpower return.
Found a stone staircase leading down.
A ball python comes into view.
The ball python hisses angrily.
The ball python closely misses you. The ball python grabs you.
The ball python constricts you.
You hit the ball python.
You kill the ball python!
Your Throwing skill increases to level 1!
No target in view!
No target in view!
You see here a ball python corpse.
You see here a +0 scale mail.
A ball python comes into view.
The ball python hisses angrily.
You closely miss the ball python. The ball python barely misses you. x2
You hit the ball python but do no damage.
The ball python bites you. You block the ball python's attack.
You take 1 damage, and have 36/37 hp.
You hit the ball python.
You kill the ball python!
No target in view!
No target in view!
Found an escape hatch in the ceiling.
Health restored: 37
Found an escape hatch in the floor.
You pick up a book of Displacement and begin reading...
You add the spells Lesser Beckoning, Gell's Gravitas and Teleport Other to your library.
You open the door.
There is an open door here.
A dart slug comes into view.
The dart slug launches a dart at you. The slug dart hits you.
You take 1 damage, and have 36/37 hp.
Health restored: 37
Found a stone staircase leading up.
The dart slug launches a dart at you. The slug dart misses you.
You hit the dart slug. You block the dart slug's attack.
You slash the dart slug!
Lightning courses through the dart slug!
You kill the dart slug!
No target in view!
No target in view!
You see here a dart slug corpse.
f - an amethyst potion You now have 133 gold pieces (gained 10).
Terence the Incautious comes into view.
He is wielding a +0 short sword.
Terence shouts!
An orc priest comes into view. It is wielding a +0 short sword.
The orc priest shouts!
Terence hits you with a +0 short sword.
An orc priest comes into view. It is wielding a +0 whip.
You take 2 damage, and have 35/37 hp.
You hit Terence but do no damage. Terence closely misses you.
An orc comes into view. It is wielding a +0 club.
The orc shouts!
You hit Terence but do no damage. You block Terence's attack.
Terence hits you with a +0 short sword.
The orc priest looks encouraged for a moment.
You take 6 damage, and have 30/37 hp.
You slash Terence! Terence hits you with a +0 short sword.
You take 1 damage, and have 29/37 hp.
You barely miss Terence. Terence barely misses you.
You hit Terence but do no damage. You block Terence's attack.
You hit Terence. Lightning courses through Terence!
You kill Terence!
The orc priest invokes the aid of Beogh against you.
Beogh smites you!
The orc priest mumbles some strange prayers to Beogh against you.
Pain shoots through your body!
You take 18 damage, and have 12/37 hp.
MASSIVE DAMAGE!!
The orc completely misses you.
The orc priest calls down the wrath of Beogh upon you.
Beogh smites you!
You die...

#...###########*************
###.##........##....?...,,,* #
#.##........##........,,,*
###.##........##........,,,*
....##........##........,,,*
.#####........##........,,,###
.................o......,,,+>#
.#.##............oo.....,,,#.#
<..##...........@.......,,,#.#
#####...................,,,#.####
..............##).......,,,#.....
#####.##########...$?...,,,#.###.
#....# #########***#.# #. #.#..#
######.# #. #.#.### #......# #.
#.....# ############.###### #.
####<#.#####........#...# #.


You could see 2 orc priests and an orc.

Vanquished Creatures
  An orc wizard (D:3)
  Terence (D:3)
  An adder (D:2)
  An ufetubus (D:3)
  A worm (D:2)
  2 dart slugs
  3 orcs (D:3)
  4 endoplasms
  3 giant cockroaches
  5 goblins
  5 hobgoblins (D:2)
  6 jackals (D:1)
  5 kobolds
  3 quokkas
  4 ball pythons
  12 bats
  6 frilled lizards
  5 rats
68 creatures vanquished.

Notes
Turn   | Place    | Note
-------+----------+-------------------------------------------
     0 | D:1      | sokol815 the Demigod Fighter began the quest for the Orb.
     0 | D:1      | Reached XP level 1. HP: 18/18 MP: 3/3
    45 | D:1      | Reached skill level 2 in Axes
   140 | D:1      | Reached XP level 2. HP: 21/25 MP: 4/4
   269 | D:1      | Reached skill level 3 in Axes
   805 | D:2      | Reached XP level 3. HP: 30/30 MP: 5/5
  1322 | D:2      | You fall into a shaft and drop 1 floor!
  1782 | D:2      | Reached skill level 4 in Axes
  2017 | D:2      | Reached XP level 4. HP: 37/37 MP: 6/6
  2355 | D:3      | Reached skill level 1 in Throwing
  2468 | D:3      | Noticed Terence
  2475 | D:3      | Killed Terence
  2476 | D:3      | Killed from afar by an orc priest

Illustrated notes

Levels and vault maps discovered:
D:1:      dpeg_arrival_prison, layout_basic, serial_corexii_hall,
          corexii_hall_statues_t, corexii_hall_statues_t,
          chequers_hall_statues_wall_a
D:2:      layout_loops_corners
D:3:      layout_basic, okawaru_trees_2, mainiacjoe_overflow_brackets,
          uniq_terence

Skill      XL: |  1  2  3  4 |
---------------+-------------+-----
Axes           | 2 3 4 |  4.5
Throwing       | 1 |  1.3
Fighting       | |  2.6
Armour         | |  2.6
Shields        | |  2.6

Action                     |  1- 3 |  4- 6 || total
---------------------------+-------+-------++-------
  Melee: War axe           |   143 |    12 ||   155
         Hand axe          |       |    17 ||    17
  Throw: Stone             |     9 |       ||     9
    Use: Scroll            |     5 |     9 ||    14
 Armour: Scale mail        |    76 |     7 ||    83
  Dodge: Dodged            |    79 |    11 ||    90
  Block: Buckler           |    52 |     8 ||    60

Table legend: (Time is in decaauts)
 A = Elapsed time spent in this place.
 B = Non-inter-level travel time spent in this place.
 C = Inter-level travel time spent in this place.
 D = Time resting spent in this place.
 E = Time spent auto-exploring this place.
 F = Levels seen in this place.
 G = Mean time per level.
                   A        B        C        D        E       F      G
               +--------+--------+--------+--------+--------+-----+--------+
         Total |   2538 |   2456 |     82 |     55 |   1906 |   3 |  846.0 |
       Dungeon |   2538 |   2456 |     82 |     55 |   1906 |   3 |  846.0 |
               +--------+--------+--------+--------+--------+-----+--------+

Top non-repeatable levels by time:
     D:2: 1086 daAuts
     D:1: 813 daAuts
     D:3: 638 daAuts

Table legend:
 A = Kills in this place as a percentage of kills in entire the game.
 B = Kills by you in this place as a percentage of kills by you in the entire game.
 C = Kills by friends in this place as a percentage of kills by friends in the entire game.
 D = Other kills in this place as a percentage of other kills in the entire game.
 E = Experience gained in this place as a percentage of experience gained in the entire game.
 F = Experience gained in this place divided by the number of levels of this place that you have seen.
                   A       B       C       D       E      F
               +-------+-------+-------+-------+-------+----------------------
         Total | 100.0 | 100.0 |   N/A |   N/A | 100.0 |  69.3
       Dungeon | 100.0 | 100.0 |   N/A |   N/A | 100.0 |  69.3
               +-------+-------+-------+-------+-------+----------------------
